 Dungeon Crawl Stone Soup version 0.26-a0-667-g92642533e4 (webtiles) character file.

Game seed: 11041516548767312423

23 somkeydreadnuts the Bolt Thrower (level 3, 0/21 HPs)
             Began as a Kobold Hunter on Oct 17, 2020.
             Slain by an adder (4 damage)
             ... on level 2 of the Dungeon.
             The game lasted 00:04:15 (1895 turns).

somkeydreadnuts the Bolt Thrower (Kobold Hunter)    Turns: 1895, Time: 00:04:16

Health: 0/21       AC:  3    Str:  9    XL:     3   Next: 12%
Magic:  3/3        EV: 14    Int: 12    God:
Gold:   39         SH:  0    Dex: 16    Spells: 2/2 levels left

rFire    . . .     SeeInvis .   b - +0 short sword
rCold    . . .     Faith    .   (shield restricted)
rNeg     . . .     Spirit   .   c - +0 leather armour
rPois    .         Reflect  .   (no helmet)
rElec    .         Harm     .   (no cloak)
rCorr    .         Rampage  .   (no gloves)
MR       .....                  (no boots)
Stlth    +++.......             n - amulet of regeneration
HPRegen  0.47/turn              (no ring)
MPRegen  0.08/turn              (no ring)

@: lethally poisoned (0 -> -2)
A: small, nightstalker 3
a: no special abilities


You were on level 2 of the Dungeon.
You visited 1 branch of the dungeon, and saw 2 of its levels.

You collected 39 gold pieces.

Inventory:

Hand Weapons
 a - a +1 hand crossbow
 b - a +0 short sword (weapon)
Missiles
 d - 62 bolts
Armour
 c - a +0 leather armour (worn)
 e - a +0 ring mail
Jewellery
 n - an amulet of regeneration (around neck)
Scrolls
 f - a scroll of remove curse
 h - 2 scrolls of amnesia {unknown}
 i - a scroll of blinking {unknown}
 j - a scroll of magic mapping {unknown}
 k - 3 scrolls of teleportation {unknown}
 o - 2 scrolls of identify
Potions
 g - a potion of curing {unknown}
 l - a potion of heal wounds {unknown}
 m - 2 potions of invisibility {unknown}


   Skills:
 - Level 2.2 Fighting
 - Level 0.3 Short Blades
 - Level 5.2 Crossbows
 - Level 2.4 Dodging
 + Level 3.3 Stealth


You had 2 spell levels left.
You didn't know any spells.
Your spell library was empty.

Dungeon Overview and Level Annotations

Branches:
Dungeon (2/15)

Altars:


Innate Abilities, Weirdness & Mutations

You are small and have problems with some larger weapons.
You are completely attuned to the shadows.


Message History

The adder barely misses you. The adder bites you.
You are more poisoned.
The adder poisons you!
You hit the adder.
The adder is almost dead.
You feel sick. The adder misses you.
You closely miss the adder.
The adder is almost dead.
You feel sick. The adder bites you.
You are more poisoned.
The adder poisons you!
You hit the adder but do no damage.
The adder is almost dead.
You feel sick. The adder bites you.
* * * LOW HITPOINT WARNING * * *
The adder bites you but does no damage.
You barely miss the adder.
The adder is almost dead.
You feel sick. The adder bites you.
You die...

'..... #.# #.###. ####.#
#.# #....# #.# #.####
#.# #. ..# #.# ... #.#
#.# ###... #.# #.#
...... #S# #.# #.#.#..#
#@# #.# .......# #.# #.#
#.###.### #.#####.#
#.#..... #.#.....#
..#)#(#### #.#.#####
...<...... #.#.#...#
..###.##########.#.#.#.#
.........#.......#.....#
#.###.##.#.#########.###


You could see an adder.

Vanquished Creatures
  A dart slug (D:2)
  An orc (D:2)
  2 giant cockroaches
  3 goblins
  6 hobgoblins
  2 bats
  A kobold (D:2)
  2 rats (D:1)
18 creatures vanquished.

Notes
Turn   | Place    | Note
-------+----------+-------------------------------------------
     0 | D:1      | somkeydreadnuts the Kobold Hunter began the quest for the
                  | Orb.
     0 | D:1      | Reached XP level 1. HP: 12/12 MP: 1/1
   121 | D:1      | Reached skill level 5 in Crossbows
   780 | D:1      | Reached XP level 2. HP: 15/17 MP: 2/2
  1809 | D:2      | Reached XP level 3. HP: 21/21 MP: 3/3
  1895 | D:2      | Slain by an adder

Illustrated notes

Levels and vault maps discovered:
D:1:      heliophobic_arrival_ceremonial_halls, layout_loops_ring
D:2:      layout_basic

Skill      XL: |  1  2 |
---------------+-------+-----
Crossbows      | 5 |  5.2
Stealth        | 3 |  3.3
Fighting       | |  2.2
Short Blades   | |  0.3
Dodging        | |  2.4

Action                   || total
-------------------------++-------
Melee: Dagger            ||    38
       Short sword       ||    73
  Use: Scroll            ||     2
 Stab: Sleeping          ||     7
Armor: Leather armour    ||     8
Dodge: Dodged            ||    65

Table legend: (Time is in decaauts)
 A = Elapsed time spent in this place.
 B = Non-inter-level travel time spent in this place.
 C = Inter-level travel time spent in this place.
 D = Time resting spent in this place.
 E = Time spent auto-exploring this place.
 F = Levels seen in this place.
 G = Mean time per level.
                   A        B        C        D        E       F      G
               +--------+--------+--------+--------+--------+-----+--------+
         Total |   1898 |   1898 |      0 |      0 |   1546 |   2 |  949.0 |
       Dungeon |   1898 |   1898 |      0 |      0 |   1546 |   2 |  949.0 |
               +--------+--------+--------+--------+--------+-----+--------+

Top non-repeatable levels by time:
     D:1: 1651 daAuts
     D:2: 247 daAuts
